Map: Ruins of Seras

Players

AcerBly (Bly) - Winner!

  • Race: Zerg Zerg
  • League: Grandmaster

БольшойБОСС

  • Race: Terran Terran
  • League: Grandmaster

Event: Gauntlet LotV Series 1 Qualifier 2

VOD

Have the link to the VOD?

Description

Time

  • Played on: Dec. 5, 2015, 5:35 p.m.
  • Length: 13:05

All games in this series

Show
View Real Time Build Order
Export as new Build Order

AcerBly Zerg - Winner!

Build Orders: Hatch First 

Get SALT Encoding   

  12  0:01  Drone  
  13  0:12  Overlord  
  13  0:17  Drone  
  14  0:31  Drone x2  
  17  0:35  Drone  
  17  0:53  Hatchery  
  17  0:57  Drone  
  17  0:59  Drone  
  17  1:02  Extractor  
  17  1:15  Spawning Pool  
  16  1:18  Drone  
  16  1:22  Drone  
  18  1:33  Drone  
  19  1:44  Overlord  
  19  2:04  Queen, Zergling x4  
  19  2:06  Queen  
  19  2:08  Metabolic Boost  
  25  2:13  Zergling x2  
  26  2:18  Drone  
  26  2:19  Drone  
  28  2:24  Drone  
  29  2:33  Drone x2  
  31  2:48  Lair, Drone  
  31  2:49  Overlord  
  32  2:53  Overlord  
  32  2:56  Drone  
  33  3:04  Queen  
  35  3:07  Drone  
  35  3:08  Drone  
  35  3:12  Drone  
  38  3:17  Drone x2  
  40  3:23  Zergling x2  
  40  3:24  Zergling x2  
  40  3:26  Drone x2  
  40  3:27  Drone  
  45  3:29  Extractor  
  45  3:30  Extractor  
  45  3:32  Extractor  
  42  3:35  Drone x2  
  42  3:40  Overlord  
  42  3:50  Drone x6  
  48  4:00  Spire  
  48  4:02  Drone  
  48  4:06  Drone x2  
  50  4:12  Drone x2  
  50  4:16  Drone  
  53  4:18  Drone x2  
  53  4:19  Drone  
  56  4:29  Zergling x4  
  56  4:30  Zergling x2  
  59  4:36  Overlord, Spine Crawler x2  
  57  4:48  Zergling x8  
  56  4:54  Zergling x8  
  56  4:56  Queen  
  56  4:57  Zergling x2  
  54  5:14  Mutalisk x4  
  57  5:26  Mutalisk x2  
  60  5:40  Drone x3  
  61  5:46  Mutalisk  
  63  6:02  Mutalisk x2  
  67  6:09  Hatchery  
  66  6:16  Drone x2  
  66  6:33  Evolution Chamber  
  66  6:34  Drone x4  
  66  6:35  Evolution Chamber, Drone  
  66  6:36  Roach Warren  
  64  6:55  Overlord x6  
  64  6:56  Overlord x3  
  64  6:59  Zerg Missile Weapons Level 1  
  64  7:03  Zerg Ground Armor Level 1  
  64  7:12  Drone x3  
  64  7:15  Glial Reconstitution  
  65  7:34  Queen  
  65  7:37  Drone x8  
  68  7:43  Roach x3  
  81  7:54  Roach  
  81  7:55  Roach x7  
  97  8:10  Roach x3  
  103  8:18  Overlord  
  103  8:20  Drone x2  
  103  8:23  Extractor  
  103  8:25  Roach x5  
  103  8:26  Roach  
  116  8:27  Ravager  
  116  8:28  Ravager x4  
  121  8:41  Roach x6  
  129  8:46  Roach x3  
  139  8:54  Roach x5  
  139  8:55  Roach x2  
  153  9:00  Overlord  
  153  9:03  Hatchery  
  150  9:17  Overlord x2  
  150  9:18  Overlord  
  134  9:26  Ravager x6  
  134  9:27  Ravager x2  
  134  9:29  Roach  
  134  9:30  Roach x6  
  154  9:38  Overlord  
  154  9:48  Zerg Ground Armor Level 2, Zerg Missile Weapons Level 2  
  154  9:50  Roach x3, Extractor  
  160  9:52  Drone  
  160  9:53  Drone x4  
  123  10:09  Roach x7  
  115  10:22  Roach x10  
  130  10:34  Drone x3  
  133  10:36  Roach x3  
  133  10:37  Roach x2  
  133  10:40  Roach x2  
  133  10:42  Ravager  
  148  10:43  Ravager  
  141  10:58  Infestation Pit  
  141  11:00  Roach x7  
  141  11:01  Roach  
  154  11:10  Roach x6  
  166  11:16  Roach x3  
  138  11:35  Infestor x2  
  138  11:36  Drone  
  138  11:37  Drone x6  
  138  11:39  Extractor x2  
  147  11:40  Queen  
  149  11:51  Hive  
  153  11:54  Roach x6  
  153  11:55  Roach x2  
  153  11:59  Spine Crawler  
  164  12:01  Spine Crawler  
  164  12:03  Roach x3  
  163  12:28  Infestor x2  
  168  12:30  Ravager x3  
  170  12:40  Roach x6  
  170  12:41  Roach x4  
  160  12:55  Hatchery  
Show
View Real Time Build Order
Export as new Build Order

БольшойБОСС Terran 

Build Orders: Hellion Opening, Reaper Expand, MMM Bio 

Get SALT Encoding   

  12  0:01  SCV  
  13  0:13  SCV  
  14  0:18  Supply Depot  
  14  0:25  SCV  
  15  0:39  SCV  
  15  0:41  Barracks  
  16  0:46  Refinery  
  16  0:51  SCV  
  17  1:03  SCV  
  18  1:15  SCV  
  19  1:28  Reaper, Orbital Command  
  20  1:44  Command Center  
  20  1:53  SCV  
  21  1:57  Supply Depot  
  21  2:03  Refinery  
  21  2:04  Marine  
  22  2:09  SCV  
  23  2:20  Factory  
  23  2:21  SCV  
  24  2:24  Barracks Reactor  
  24  2:33  SCV  
  25  2:45  SCV  
  26  2:57  Orbital Command  
  26  2:58  SCV  
  27  3:07  Starport  
  27  3:08  Marine  
  27  3:10  Hellion x2  
  32  3:14  SCV  
  32  3:19  Supply Depot  
  33  3:23  SCV  
  33  3:26  Marine  
  35  3:31  SCV, Hellion  
  35  3:32  Hellion  
  40  3:36  SCV  
  41  3:43  SCV  
  41  3:47  Medivac  
  44  3:49  Armory  
  44  3:50  Marine  
  44  3:55  Hellion x2  
  49  3:59  Supply Depot  
  51  4:02  SCV x2  
  51  4:04  Liberator  
  51  4:10  Barracks Tech Lab  
  51  4:15  SCV x2  
  56  4:28  SCV, Barracks  
  56  4:29  Supply Depot  
  56  4:30  Factory Tech Lab  
  57  4:34  Marine  
  57  4:35  Stimpack  
  58  4:40  SCV, Barracks  
  58  4:42  SCV  
  60  4:52  SCV  
  59  4:56  Siege Tank, Marine  
  59  4:57  SCV  
  64  5:04  SCV  
  64  5:06  Starport Reactor  
  63  5:09  Supply Depot, Refinery  
  63  5:14  SCV, Bunker  
  62  5:16  Marine x3  
  62  5:20  Barracks  
  62  5:22  SCV  
  59  5:29  Liberator  
  59  5:30  SCV  
  58  5:36  Marine x2  
  58  5:37  SCV, Siege Tank  
  64  5:43  Engineering Bay  
  64  5:45  Refinery, Marine  
  64  5:48  Marine  
  62  5:51  Liberator  
  62  5:54  SCV, Marine  
  64  5:59  Marine  
  64  6:03  Marine  
  66  6:06  Marine  
  66  6:10  Marine  
  69  6:11  Marine  
  69  6:13  Missile Turret  
  69  6:14  Missile Turret  
  69  6:17  Marine  
  66  6:19  SCV, Liberator  
  66  6:20  Missile Turret  
  66  6:21  Marine  
  66  6:22  SCV  
  66  6:24  Marine  
  66  6:28  Marine  
  66  6:29  Marine  
  66  6:31  SCV  
  66  6:34  SCV  
  66  6:35  Marine, Liberator  
  66  6:39  Combat Shields, Marine  
  72  6:44  SCV  
  72  6:46  SCV  
  77  6:55  Marine  
  77  7:00  Supply Depot x2  
  78  7:04  Terran Infantry Weapons Level 1  
  78  7:11  Barracks Reactor  
  78  7:13  Barracks Reactor  
  78  7:18  Barracks  
  78  7:21  Marine  
  78  7:22  SCV x2  
  78  7:23  Marine  
  78  7:26  Marine  
  80  7:31  Medivac  
  80  7:34  SCV x2  
  80  7:36  Supply Depot  
  84  7:39  Marine  
  84  7:41  Marine  
  84  7:43  Marine, Medivac  
  89  7:46  SCV  
  89  7:48  Siege Tank  
  93  7:52  Marine  
  93  7:56  Supply Depot  
  93  7:57  Marine x3  
  97  7:59  Marine  
  97  8:00  Marine  
  97  8:02  Marine, Medivac  
  101  8:10  Marine  
  102  8:17  Marine x2  
  102  8:19  Supply Depot  
  104  8:20  Marine  
  104  8:21  Supply Depot  
  104  8:22  Medivac  
  104  8:25  Marine  
  104  8:26  Marine  
  109  8:28  Marine  
  109  8:32  Marine  
  110  8:40  Medivac, Marine  
  110  8:41  Siege Tank  
  116  8:43  Marine x2  
  116  8:44  Marine  
  116  8:47  Marine  
  120  8:50  Marine  
  120  8:52  Medivac, Marine x2  
  120  8:53  Liberator  
  125  8:59  Terran Infantry Armor Level 1  
  125  9:04  Marine  
  124  9:16  Marine x2  
  112  9:19  Marine  
  112  9:20  Marauder, Marine  
  112  9:23  Marine  
  112  9:24  SCV  
  106  9:28  Marine  
  101  9:34  Marine x3  
  101  9:37  Marine x2  
  105  9:41  Marauder, Marine  
  105  9:42  Siege Tank  
  111  9:47  Marine  
  111  9:48  Concussive Shells  
  112  9:52  Marine  
  112  9:53  Marine x2  
  112  9:58  Marine  
  111  10:00  Marine  
  111  10:01  Marine  
  111  10:03  Marauder  
  111  10:06  Marine  
  99  10:10  Marine x2  
  99  10:11  Marine  
  99  10:12  Medivac x2  
  89  10:15  Marine  
  89  10:18  Marine  
  89  10:20  Marine  
  85  10:24  Marauder, Marine  
  85  10:28  Marine  
  84  10:29  Marine  
  84  10:30  Siege Tank  
  84  10:31  Marine  
  84  10:34  Marine  
  91  10:37  Marine  
  92  10:44  Medivac x2  
  92  10:45  Marine  
  92  10:46  Marine x2, Marauder  
  93  10:59  Marine  
  93  11:00  Marine x2  
  93  11:01  Marine  
  93  11:02  Siege Tank, Marine  
  98  11:04  Marine  
  98  11:05  Marine  
  98  11:07  Marauder  
  102  11:14  Medivac  
  102  11:15  Medivac  
  102  11:16  Marine  
  102  11:18  Marine x2  
  102  11:25  Marine  
  102  11:27  Marine  
  102  11:28  Marauder  
  96  11:33  Marine x2  
  96  11:34  Siege Tank, Marine  
  96  11:36  Marine  
  96  11:38  Supply Depot  
  96  11:39  Orbital Command  
  103  11:42  Marine  
  103  11:43  Marine  
  103  11:44  Medivac  
  107  11:49  Medivac  
  107  11:50  Marauder, Marine  
  107  11:51  Marine  
  113  11:57  Marine  
  113  11:59  Marine  
  115  12:02  Marine  
  115  12:07  Marine  
  113  12:16  Marine x2  
  113  12:17  Marauder  
  113  12:20  Siege Tank  
  120  12:25  Marine  
  120  12:28  Marine  
  120  12:29  Marine x2  
  126  12:30  Marine  
  126  12:34  Marine x2  
  127  12:38  Marauder  
  125  12:46  Marine  
Tags
 
Add a new tag
Caveats
  • Supply blocks, unpowered buildings, or Contaminate may cause inaccurate times.
  • Supply counts are checked every 10 seconds.